Map: Moondance

Players

Nina - Winner!

  • Race: Protoss Protoss
  • League: Master
  • Spawn Location: 6:00

Cure

  • Race: Terran Terran
  • League: Master
  • Spawn Location: 12:00

Event: HomeStory Cup XXII

VOD

Have the link to the VOD?

Description

Time

  • Played on: Dec. 16, 2022, 10:18 a.m.
  • Length: 21:46

All games in this series

Show
View Real Time Build Order
Export as new Build Order

Nina Protoss - Winner!

Build Orders: 1 Gate Expand, Blink Stalkers, Colossus Rush 

Get SALT Encoding   

  12  0:00  Probe  
  13  0:12  Probe  
  14  0:17  Pylon  
  14  0:24  Probe  
  15  0:36  Gateway  
  15  0:38  Probe (Chrono Boost)  
  16  0:46  Probe (Chrono Boost)  
  17  0:50  Assimilator  
  17  0:52  Probe  
  18  1:04  Probe  
  19  1:16  Probe  
  20  1:24  Cybernetics Core  
  20  1:35  Nexus  
  20  1:40  Pylon  
  20  1:43  Probe  
  21  1:48  Assimilator  
  21  1:55  Probe  
  21  2:00  Stalker (Chrono Boost)  
  24  2:02  Warp Gate  
  24  2:07  Probe  
  25  2:19  Probe  
  25  2:21  Adept (Chrono Boost)  
  26  2:29  Twilight Council  
  28  2:32  Probe  
  30  2:47  Probe (Chrono Boost)  
  30  2:48  Probe (Chrono Boost)  
  30  2:50  Stalker  
  33  2:57  Probe (Chrono Boost)  
  35  2:58  Gateway  
  35  2:59  Probe (Chrono Boost)  
  35  3:02  Probe  
  36  3:12  Probe  
  35  3:15  Probe  
  35  3:16  Gateway  
  35  3:17  Blink (Chrono Boost)  
  36  3:25  Probe  
  37  3:29  Robotics Facility  
  37  3:31  Probe  
  37  3:38  Probe  
  37  3:43  Probe  
  38  3:50  Probe  
  38  3:51  Stalker  
  41  3:56  Probe  
  41  3:59  Stalker  
  41  4:00  Pylon  
  41  4:02  Probe  
  45  4:08  Probe, Pylon  
  46  4:15  Pylon  
  46  4:18  Observer (Chrono Boost), Probe, Stalker  
  46  4:23  Shield Battery  
  51  4:26  Stalker  
  51  4:30  Stalker  
  54  4:31  Probe  
  55  4:40  Probe  
  55  4:43  Probe  
  57  4:45  Observer  
  57  4:47  Assimilator  
  57  4:52  Probe  
  57  4:53  Assimilator  
  57  4:55  Probe  
  59  5:05  Probe  
  59  5:06  Robotics Bay  
  60  5:08  Probe  
  60  5:11  Nexus  
  60  5:13  Pylon  
  61  5:17  Probe  
  62  5:22  Pylon  
  62  5:23  Charge, Observer  
  62  5:25  Probe  
  62  5:26  Zealot  
  65  5:33  Probe  
  66  5:39  Probe  
  66  5:40  Sentry x2  
  71  5:43  Gateway  
  71  5:45  Gateway  
  71  5:46  Probe  
  72  5:50  Pylon  
  72  5:54  Probe  
  73  5:57  Colossus (Chrono Boost)  
  73  6:01  Probe  
  80  6:06  Zealot, Probe  
  83  6:11  Pylon  
  83  6:14  Sentry, Probe  
  83  6:15  Zealot  
  88  6:19  Probe  
  88  6:24  Gateway  
  88  6:29  Extended Thermal Lance (Chrono Boost)  
  88  6:35  Zealot  
  88  6:38  Probe (Chrono Boost)  
  88  6:39  Probe (Chrono Boost)  
  93  6:40  Probe (Chrono Boost)  
  93  6:44  Stalker  
  95  6:49  Observer  
  95  6:51  Observer  
  95  6:53  Colossus (Chrono Boost)  
  95  6:54  Zealot  
  95  6:55  Zealot  
  95  7:00  Zealot x2  
  109  7:04  Shield Battery  
  109  7:05  Probe  
  109  7:06  Probe  
  109  7:07  Probe  
  109  7:08  Observer  
  110  7:17  Probe  
  110  7:18  Zealot x2, Probe  
  110  7:20  Probe, Pylon  
  110  7:22  Pylon  
  117  7:29  Templar Archives  
  117  7:33  Shield Battery  
  117  7:38  Probe x2  
  117  7:40  Colossus (Chrono Boost)  
  125  7:44  Probe  
  125  7:49  Zealot x3  
  132  7:55  Pylon  
  130  7:58  Pylon  
  126  8:06  Pylon  
  126  8:13  Pylon  
  126  8:15  Gateway, Pylon  
  126  8:16  Probe x2  
  126  8:19  Forge  
  128  8:21  High Templar x2, Pylon  
  128  8:22  Forge  
  128  8:25  Pylon  
  132  8:27  Archon  
  132  8:29  Zealot x2  
  129  8:42  Probe  
  129  8:45  Stalker x2  
  132  8:50  Assimilator  
  132  8:52  Assimilator  
  132  8:53  Protoss Ground Weapons Level 1 (Chrono Boost), Probe  
  132  8:54  Shield Battery  
  125  8:56  Observer (Chrono Boost)  
  125  8:59  Gateway  
  126  9:03  Probe  
  126  9:04  Protoss Ground Armor Level 1 (Chrono Boost)  
  126  9:09  Probe  
  128  9:13  Zealot x6  
  128  9:14  Warp Prism (Chrono Boost)  
  142  9:22  Pylon  
  141  9:25  Nexus  
  138  9:33  Photon Cannon  
  138  9:34  Shield Battery  
  138  9:35  High Templar  
  138  9:36  High Templar  
  142  9:42  Disruptor  
  142  9:43  Zealot x2  
  142  9:45  Zealot  
  151  9:48  Zealot  
  151  9:52  Zealot  
  144  9:58  Archon  
  137  10:00  Zealot  
  131  10:11  Probe  
  122  10:16  Probe  
  122  10:18  Disruptor (Chrono Boost), Stalker x2  
  122  10:19  Stalker  
  130  10:21  Probe  
  130  10:27  Probe  
  132  10:36  Stalker x2  
  132  10:38  Probe  
  137  10:43  Probe  
  137  10:44  Probe x2  
  137  10:49  Zealot x2  
  144  10:50  Disruptor (Chrono Boost), Probe  
  144  10:52  Zealot  
  144  10:56  Probe  
  146  11:09  Zealot  
  146  11:10  Zealot x3  
  138  11:19  Stalker x2  
  138  11:25  Disruptor  
  137  11:28  Zealot  
  142  11:45  Protoss Ground Armor Level 2 (Chrono Boost), Protoss Ground Weapons Level 2 (Chrono Boost), Pylon  
  140  11:50  Robotics Facility  
  140  11:54  Shield Battery  
  140  11:55  Shield Battery  
  140  11:57  Zealot  
  140  12:01  Assimilator  
  140  12:08  Probe  
  140  12:09  Dark Shrine, Probe  
  140  12:10  Disruptor, Probe  
  146  12:17  Zealot x4  
  152  12:25  Probe  
  152  12:27  Assimilator  
  152  12:28  Stalker  
  152  12:29  Stalker  
  157  12:35  Stalker  
  159  12:38  Stalker  
  159  12:39  Stalker  
  162  12:52  Pylon  
  162  12:54  Pylon  
  159  13:10  Observer (Chrono Boost), Pylon  
  160  13:13  Nexus, Robotics Facility  
  160  13:14  Pylon  
  160  13:15  Pylon  
  160  13:19  Stalker  
  162  13:20  Stalker x2  
  167  13:28  Observer (Chrono Boost)  
  164  13:38  Dark Templar x3  
  170  13:42  Disruptor (Chrono Boost), Dark Templar  
  175  13:49  Stalker  
  175  13:53  Shield Battery, Probe  
  175  13:54  Probe  
  175  13:55  Probe  
  180  14:04  Observer  
  179  14:10  Probe  
  179  14:13  Stalker x3  
  179  14:15  Probe, Assimilator  
  184  14:20  Protoss Ground Armor Level 3 (Chrono Boost)  
  184  14:23  Disruptor (Chrono Boost)  
  187  14:30  Protoss Ground Weapons Level 3 (Chrono Boost)  
  185  14:31  Probe  
  185  14:35  Probe  
  185  14:36  Probe  
  188  14:41  Assimilator  
  188  14:42  Photon Cannon, High Templar x2  
  188  14:43  Probe  
  188  14:44  Photon Cannon  
  191  14:56  Disruptor (Chrono Boost)  
  189  15:02  Disruptor (Chrono Boost)  
  189  15:03  Probe  
  189  15:05  Probe  
  191  15:12  Archon  
  187  15:24  Zealot x7  
  187  15:25  Observer  
  190  15:38  Probe  
  189  15:43  Colossus (Chrono Boost)  
  189  15:47  Probe  
  197  15:50  Observer  
  197  15:54  Pylon  
  197  15:56  Nexus  
  197  16:03  Pylon  
  197  16:08  Probe  
  197  16:11  Observer (Chrono Boost)  
  197  16:12  Photon Cannon  
  197  16:19  Shield Battery  
  197  16:22  Probe  
  197  16:25  Observer (Chrono Boost)  
  199  16:43  Photon Cannon  
  199  16:46  Photon Cannon  
  197  16:48  Photon Cannon  
  197  16:51  Photon Cannon, Pylon  
  197  16:54  Pylon  
  197  16:56  Shield Battery  
  197  16:57  Disruptor, Photon Cannon  
  197  17:00  Photon Cannon  
  197  17:19  Disruptor  
  197  17:21  Zealot  
  198  17:33  Warp Prism  
  198  17:34  Psionic Storm, Pylon  
  198  17:36  Assimilator  
  200  17:37  Assimilator  
  175  17:55  Disruptor  
  159  18:02  Stalker x4  
  159  18:03  Stalker x3  
  173  18:06  Probe  
  173  18:09  Disruptor (Chrono Boost)  
  177  18:29  Zealot x2  
  177  18:30  Zealot x5  
  177  18:34  Protoss Shields Level 1 (Chrono Boost), Gateway  
  194  18:37  Gateway  
  194  18:38  Disruptor (Chrono Boost)  
  194  18:40  Gateway  
  194  18:41  Colossus (Chrono Boost)  
  194  18:46  Gateway  
  198  18:49  Gateway  
  198  18:54  Dark Templar  
  200  18:59  Gateway  
  200  19:00  Gateway  
  196  19:17  Nexus  
  182  19:27  Nexus, Colossus  
  182  19:30  Dark Templar  
  184  19:33  Stalker x2  
  184  19:34  Stalker x3  
  193  19:50  Disruptor  
  182  19:57  Zealot x9  
  198  20:08  Pylon  
  198  20:12  Zealot x5  
  154  20:41  Stalker x10  
  154  20:42  Stalker  
  154  20:43  Disruptor  
  149  20:56  Zealot x3  
  145  20:58  Pylon  
  145  20:59  Assimilator  
  145  21:03  Robotics Facility  
  145  21:04  Assimilator  
  139  21:05  Probe, Pylon  
  139  21:06  Probe x4  
  139  21:09  Pylon  
  144  21:12  Zealot  
  144  21:13  Zealot x10  
  144  21:16  Dark Templar x3  
  144  21:18  Probe  
  179  21:26  Shield Battery  
  179  21:28  Photon Cannon  
Show
View Real Time Build Order
Export as new Build Order

Cure Terran 

Build Orders:  

Get SALT Encoding   

  12  0:00  SCV  
  13  0:12  SCV  
  14  0:17  Supply Depot  
  14  0:24  SCV  
  15  0:39  SCV  
  15  0:40  Barracks  
  15  0:42  Refinery  
  16  0:51  SCV  
  16  0:52  Refinery  
  17  1:03  SCV  
  18  1:15  SCV  
  19  1:21  Supply Depot  
  19  1:27  Reaper, Orbital Command  
  20  1:42  Factory  
  19  1:53  SCV  
  20  1:59  Reaper  
  21  2:05  SCV  
  22  2:17  SCV  
  23  2:26  Command Center  
  23  2:31  Hellion  
  23  2:34  SCV  
  26  2:38  Barracks Reactor  
  26  2:45  Starport  
  26  2:47  SCV  
  27  2:53  Widow Mine  
  27  2:56  Supply Depot  
  29  3:00  SCV  
  30  3:14  SCV  
  30  3:18  Widow Mine, Marine x2  
  35  3:26  SCV  
  36  3:30  Medivac  
  38  3:36  Marine x2  
  38  3:40  Orbital Command  
  38  3:41  SCV  
  38  3:44  Factory Tech Lab  
  39  3:48  Bunker  
  39  3:53  SCV, Marine  
  41  4:00  Starport Tech Lab  
  41  4:05  SCV, Siege Tank  
  41  4:06  SCV  
  41  4:08  Marine  
  47  4:18  Supply Depot, Raven  
  47  4:19  SCV x2  
  51  4:27  Marine x2  
  51  4:28  Supply Depot  
  54  4:31  SCV  
  54  4:39  SCV  
  54  4:42  Barracks  
  54  4:44  Barracks  
  51  4:46  Siege Tank  
  51  4:49  SCV  
  51  4:50  Marine  
  51  4:51  SCV  
  51  4:52  Marine  
  55  4:58  Supply Depot  
  56  5:01  Refinery  
  56  5:03  SCV  
  56  5:04  SCV  
  58  5:08  Marine  
  58  5:09  Engineering Bay  
  58  5:12  Starport Reactor  
  59  5:15  SCV  
  59  5:16  SCV  
  61  5:26  Refinery  
  61  5:27  SCV  
  61  5:28  SCV  
  62  5:29  Marine x2, Factory Reactor  
  63  5:39  Stimpack, Marauder  
  63  5:41  SCV x2  
  63  5:42  Supply Depot, Terran Infantry Weapons Level 1  
  66  5:48  Marine x2  
  68  5:54  Supply Depot  
  68  5:55  Combat Shield, Marauder  
  74  6:04  SCV x2, Marauder  
  74  6:05  Supply Depot, Marine x2  
  76  6:12  Missile Turret  
  76  6:16  SCV x2, Medivac  
  76  6:18  Medivac  
  82  6:26  Marauder x2, Marine x2  
  88  6:34  Widow Mine x2  
  88  6:38  Supply Depot  
  92  6:40  Supply Depot  
  92  6:41  SCV x2  
  90  6:56  Marauder x2  
  90  6:59  Medivac x2, Marine x2  
  100  7:02  Supply Depot  
  100  7:03  Widow Mine x2  
  100  7:05  Supply Depot  
  104  7:14  Concussive Shells  
  104  7:17  Marine x2  
  104  7:18  Marauder x2  
  110  7:25  Command Center  
  110  7:29  Widow Mine x2  
  114  7:45  Barracks  
  114  7:46  Barracks, Marauder, Marine x2  
  114  7:47  Marauder  
  114  7:48  SCV  
  121  7:58  Widow Mine x2  
  125  7:59  Medivac  
  125  8:01  SCV, Medivac  
  124  8:06  Terran Infantry Armor Level 1  
  124  8:14  SCV x2  
  126  8:37  SCV x2, Marauder x2, Marine x2  
  121  8:45  Orbital Command  
  121  8:46  Barracks Reactor, Barracks Tech Lab  
  121  8:48  Medivac x2, Widow Mine x2  
  120  8:50  SCV x2  
  122  8:58  Marauder  
  122  8:59  Marauder  
  122  9:02  SCV x2  
  120  9:04  Marine x2  
  120  9:05  Marauder  
  120  9:09  Orbital Command  
  124  9:10  Ghost Academy  
  124  9:14  SCV  
  124  9:16  SCV  
  126  9:20  Marauder  
  126  9:22  Marauder, Marine x2  
  132  9:24  Marine x2  
  132  9:26  Marauder  
  132  9:29  SCV x2  
  138  9:34  SCV  
  139  9:41  Marauder  
  139  9:44  Marine x2  
  141  9:49  Marauder, Marine  
  141  9:51  Marauder, Marine  
  139  9:57  Widow Mine x2  
  139  9:58  SCV x2  
  141  10:02  Marauder, Marine  
  141  10:05  Medivac  
  141  10:06  Marine  
  141  10:07  Medivac, Marine  
  141  10:09  Marine  
  141  10:10  Marauder  
  141  10:12  Marine  
  132  10:18  SCV x3, Enhanced Shockwaves  
  132  10:20  Refinery  
  132  10:21  Refinery  
  131  10:23  Widow Mine x2  
  131  10:26  Engineering Bay, Armory  
  135  10:32  Marauder x3  
  141  10:43  Supply Depot x2  
  141  10:44  Supply Depot  
  141  10:45  Marine x4  
  141  10:46  Medivac  
  146  10:54  Marauder x2  
  148  11:03  Marine  
  149  11:04  Medivac, Widow Mine, Marine x3  
  149  11:05  Widow Mine, Marauder  
  155  11:14  Marine  
  155  11:15  Marine  
  155  11:16  Medivac  
  135  11:21  Marine  
  135  11:22  Marine x3  
  136  11:26  Marauder  
  136  11:32  Marine  
  134  11:33  Marauder  
  134  11:39  Marine x2  
  138  11:44  Command Center  
  139  11:50  Terran Infantry Armor Level 2, Terran Infantry Weapons Level 2  
  139  11:51  Marine x3  
  142  12:07  Widow Mine x2  
  142  12:27  Supply Depot  
  142  12:29  Supply Depot  
  142  12:43  Supply Depot  
  142  12:44  Supply Depot  
  142  12:48  Marine x4  
  142  12:49  Marauder x2  
  142  12:50  SCV x2  
  142  12:51  Marauder  
  154  13:03  Medivac  
  154  13:04  Medivac, Widow Mine x2  
  154  13:05  Orbital Command  
  162  13:09  Ghost x2  
  166  13:13  SCV x2, Missile Turret  
  168  13:25  SCV x2  
  170  13:37  Ghost  
  170  13:38  Ghost  
  170  13:40  Command Center  
  173  13:43  Marine x2  
  173  13:44  Marine x2  
  177  13:50  Missile Turret  
  177  13:55  SCV  
  177  13:56  SCV x2  
  177  13:59  Marine  
  177  14:01  Marine x3  
  183  14:06  Marauder  
  179  14:11  SCV x2  
  176  14:23  SCV x2  
  175  14:24  SCV  
  175  14:28  Missile Turret, Marauder, Marine x3  
  175  14:29  Marauder  
  182  14:34  Marine x2  
  182  14:40  SCV x3  
  185  14:50  Marauder  
  185  14:52  SCV x2  
  189  14:54  SCV  
  187  15:02  Marauder, Marine x2  
  189  15:09  Missile Turret  
  189  15:16  SCV x2, Marauder x2, Marine x2  
  187  15:28  Marauder, Marine x2  
  185  15:34  SCV, Marine x2  
  187  15:37  Orbital Command, Marine  
  187  15:38  Marauder  
  186  15:45  SCV  
  186  15:46  SCV  
  190  15:50  Marauder  
  190  15:51  Marine x3  
  190  15:55  Ghost  
  195  16:00  Refinery  
  195  16:11  Widow Mine  
  195  16:15  Barracks  
  195  16:18  Marine x3  
  195  16:19  Marauder  
  195  16:21  Barracks x2  
  200  16:30  Terran Infantry Weapons Level 3, Terran Infantry Armor Level 3  
  200  16:42  Terran Ship Weapons Level 1  
  196  16:54  Ghost  
  196  16:55  Ghost  
  196  17:11  Widow Mine x2  
  196  17:24  Marine x2, Ghost x2  
  196  17:25  Marauder  
  175  17:47  Marauder, Marine x6  
  174  17:53  Marauder x2  
  174  17:58  Medivac x2, Widow Mine x2  
  163  18:04  Marine x2  
  163  18:05  Marine x2  
  162  18:07  Barracks Tech Lab x2  
  162  18:09  Barracks Tech Lab, Marauder  
  162  18:14  Marauder  
  162  18:15  Marauder  
  164  18:22  Marine x2  
  166  18:28  Viking x2  
  166  18:30  Marauder  
  166  18:31  Marauder x3  
  166  18:32  Widow Mine  
  166  18:33  Widow Mine  
  179  18:36  Marauder  
  181  18:44  Missile Turret  
  179  18:48  Ghost  
  179  18:51  Ghost  
  179  18:52  Marine x2  
  179  18:53  Marauder  
  184  19:06  Marauder x2, Marine x3  
  187  19:23  Marauder x2, Marine x4  
  175  19:29  Viking  
  175  19:30  Orbital Command  
  172  19:36  Missile Turret  
  172  19:43  Marine x2  
  172  19:44  Marauder, Marine  
  174  19:58  Viking, Marine x2  
  174  19:59  Marauder  
  169  20:04  Marine x2  
  169  20:05  Marauder, Marine  
  166  20:11  Marauder, Marine x2  
  169  20:17  Marauder  
  169  20:18  Orbital Command  
  139  20:30  Marine x3  
  139  20:31  Marauder  
  139  20:33  Marine  
  123  20:38  Marine  
  123  20:42  Marine  
  117  20:46  Marine x2  
  80  20:52  Marine x2  
  79  20:57  Marine  
  79  21:02  SCV  
  79  21:03  SCV  
  82  21:06  Marine  
  83  21:11  Marauder  
  91  21:30  SCV  
  91  21:31  SCV  
  91  21:32  SCV  
Tags
 
Composition
Blink Stalkers
Matchup
PvT
Player
CureNina
Replay Pack
hsc22
Spawn Locations
Cross Positions
Add a new tag
Caveats
  • Supply blocks, unpowered buildings, or Contaminate may cause inaccurate times.
  • Supply counts are checked every 10 seconds.